 Dungeon Crawl Stone Soup version 0.28.0-53-g5a82cb258f (webtiles) character file.

Game seed: 11642824076252123210

757 jjjjhere the Stinger (level 7, 0/51 HPs)
             Began as a Gnoll Venom Mage on Aug 27, 2022.
             Was an Initiate of Gozag.
             Killed from afar by a steam dragon (18 damage)
             ... with a ball of steam
             ... on level 6 of the Dungeon.
             The game lasted 00:12:01 (7880 turns).

jjjjhere the Stinger (Gnoll Venom Mage)             Turns: 7880, Time: 00:12:02

Health: 0/51       AC:  3    Str:  7    XL:     7   Next: 79%
Magic:  0/15       EV: 15    Int: 16    God:    Gozag
Gold:   775        SH:  0    Dex: 19    Spells: 8/17 levels left

rFire   . . .      SeeInvis .   x - +2 spear (venom)
rCold   . . .      Faith    .   (no shield)
rNeg    . . .      Spirit   +   a - +0 robe
rPois   .          Reflect  .   (no helmet)
rElec   .          Harm     .   (no cloak)
rCorr   .          Rampage  .   (no gloves)
Will    +....                   o - +0 pair of boots
Stlth   +++.......              r - amulet of guardian spirit
HPRegen 0.17/turn               j - ring of willpower
MPRegen 0.14/turn               q - +6 ring of dexterity

@: no status effects
A: fangs 1, strong nose, distributed training
a: Renounce Religion, Potion Petition, Call Merchant, Bribe Branch


You were on level 6 of the Dungeon.
You worshipped Gozag.
Gozag was pleased with you.
You visited 1 branch of the dungeon, and saw 6 of its levels.

You collected 775 gold pieces.

Inventory:

Hand Weapons
 v - a +1 spear of freezing
 x - a +2 spear of venom (weapon)
Armour
 a - a +0 robe (worn)
 o - a +0 pair of boots (worn)
 t - the +0 pair of gloves "Vyimux" {-Cast rElec rF+ Dex+8}
   (You found it on level 4 of the Dungeon)

   Dex:       It affects your dexterity (+8).
   rF:        It protects you from fire.
   rElec:     It insulates you from electricity.
   -Cast:     It prevents spellcasting.
Jewellery
 h - a ring of fire
 j - a ring of willpower (left hand)
 q - a +6 ring of dexterity (right hand)
 r - an amulet of guardian spirit (around neck)
Scrolls
 b - a scroll of immolation {unknown}
 c - 11 scrolls of identify {unknown}
 e - 4 scrolls of amnesia {unknown}
 f - a scroll of enchant armour {unknown}
 g - a scroll of fear {unknown}
 i - a scroll of vulnerability {unknown}
 l - 2 scrolls of enchant weapon {unknown}
 s - a scroll of magic mapping {unknown}
 y - a scroll of teleportation {unknown}
Potions
 d - a potion of invisibility {unknown}
 k - 4 potions of resistance {unknown}
 m - a potion of attraction {unknown}
 n - a potion of haste {unknown}
 p - 2 potions of curing {unknown}
 u - a potion of ambrosia {unknown}
 w - a potion of experience {unknown}
 z - a potion of brilliance {unknown}


   Skills:
 + Level 2.7 Fighting
 + Level 2.7 Short Blades
 + Level 2.7 Long Blades
 + Level 2.7 Axes
 + Level 2.7 Maces & Flails
 + Level 2.7 Polearms
 + Level 2.7 Staves
 + Level 2.7 Slings
 + Level 2.7 Bows
 + Level 2.7 Crossbows
 + Level 2.7 Throwing
 + Level 2.7 Armour
 + Level 5.3 Dodging
 + Level 5.0 Stealth
 + Level 2.7 Shields
 + Level 2.7 Unarmed Combat
 + Level 5.7 Spellcasting
 + Level 2.2 Conjurations
 + Level 2.2 Hexes
 + Level 2.2 Summonings
 + Level 2.2 Necromancy
 + Level 2.2 Translocations
 + Level 3.1 Transmutations
 + Level 2.2 Fire Magic
 + Level 2.2 Ice Magic
 + Level 2.2 Air Magic
 + Level 2.2 Earth Magic
 + Level 5.9 Poison Magic
 + Level 3.0 Invocations
 + Level 2.7 Evocations


You had 8 spell levels left.
You knew the following spells:

 Your Spells              Type           Power      Damage    Failure   Level
a - Sting                 Tmut/Pois      76%        1d6       2%          1
b - Poisonous Vapours     Pois/Air       34%        N/A       4%          2
c - Wereblood             Tmut           14%        N/A       6%          2
d - Olgreb's Toxic Radia  Pois           23%        N/A       12%         4

Your spell library contained the following spells:

 Spells                   Type           Power      Damage    Failure   Level
 Shock                    Conj/Air       44%        1d5       6%          1
 Summon Small Mammal      Summ           44%        N/A       6%          1
 Sublimation of Blood     Necr           11%        N/A       9%          2
 Mephitic Cloud           Conj/Pois/Air  15%        N/A       11%         3
 Call Canine Familiar     Summ           11%        N/A       17%         3
 Dazzling Flash           Conj/Hex       22%        N/A       17%         3
 Gell's Gravitas          Tloc           11%        N/A       17%         3
 Summon Guardian Golem    Hex/Summ       11%        N/A       17%         3
 Swiftness                Air            11%        N/A       17%         3
 Teleport Other           Tloc           11%        N/A       17%         3
 Airstrike                Air            5%         N/A       50%         4
 Agony                    Necr           11%        N/A       85%         5
 Silence                  Hex/Air        5%         N/A       85%         5
 Dispersal                Tloc           5%         N/A       100%        6
 Summon Hydra             Summ           5%         N/A       100%        7


Dungeon Overview and Level Annotations

Branches:
Dungeon (6/15)
 Temple: D:4-7

Altars:
Gozag

Shops:
D:2 (


Innate Abilities, Weirdness & Mutations

You have very sharp teeth.
Your uncanny sense of smell can sniff out nearby items.
Your experience applies equally to all skills.


Message History

Poisonous vapours surround the steam dragon!
The steam dragon looks as sick as possible!
Reach: x) +2 spear (venom)
Press: ? - help, Dir - move target, f/p - steam dragon
Aim: a steam dragon (moderately wounded, extremely poisoned, about 33% to evade your +2 spear of venom)
You reach to attack!
You barely miss the steam dragon.
The steam dragon is moderately wounded.
Unknown command.
You barely miss the steam dragon.
The steam dragon is moderately wounded.
The steam dragon misses you. The steam dragon closely misses you.
You hit the steam dragon but do no damage.
The steam dragon looks as sick as possible!
The steam dragon is heavily wounded.
The steam dragon breathes steam at you. The ball of steam hits you!
You closely miss the steam dragon.
The steam dragon is heavily wounded.
You are engulfed in a cloud of scalding steam.
The steam dragon closely misses you. The steam dragon claws you.
You closely miss the steam dragon.
The steam dragon is heavily wounded.
You are engulfed in a cloud of scalding steam.
The steam dragon bites you.
The steam dragon claws you but does no damage.
You closely miss the steam dragon.
The steam dragon is heavily wounded.
The steam dragon bites you! The steam dragon claws you.
You hit the steam dragon but do no damage.
The steam dragon looks as sick as possible!
Your punch misses the steam dragon.
The steam dragon is heavily wounded.
The steam dragon closely misses you. The steam dragon barely misses you.
You barely miss the steam dragon.
You bite the steam dragon, but do no damage.
The steam dragon is severely wounded.
The steam dragon breathes steam at you. The ball of steam hits you!!
You die...
Your body crumbles into a pile of gold.

##.#######
#......
#........# ..(..
#..#####.##
.....
#..####...## /..
#........... ...
#.#####....# #.#
#.# ##.#.# #D#
#.# #.#.# #@#
#.# #.#[#
#ยง#####.# #....
#.......# ###.#
######### #.#
#.. #.# #.#
##.###########.#
#........<..)..#


You could see a steam dragon (extremely poisoned, catching breath).

Vanquished Creatures
  An ogre (D:5)
  A scorpion (D:4)
  A howler monkey (D:6)
  A bullfrog zombie (D:5)
  A centaur zombie (D:6)
  2 hounds (D:5)
  An orc priest (D:5)
  2 gnoll shamans (D:5)
  A jelly (D:4)
  Terence (D:2)
  2 iguanas (D:5)
  A howler monkey skeleton (D:5)
  5 adders
  9 gnolls
  A white imp (D:6)
  An adder zombie (D:5)
  2 dart slugs
  8 orcs
  9 ball pythons
  7 bats
  2 endoplasms
  4 giant cockroaches
  5 hobgoblins
  13 jackals
  4 quokkas
  2 frilled lizards
  9 goblins
  10 kobolds
  8 rats
114 creatures vanquished.

Vanquished Creatures (others)
  4 plants (D:2)
4 creatures vanquished.

Grand Total: 118 creatures vanquished

Notes
Turn   | Place    | Note
-------+----------+-------------------------------------------
     0 | D:1      | jjjjhere the Gnoll Venom Mage began the quest for the Orb.
     0 | D:1      | Reached XP level 1. HP: 13/13 MP: 6/6
   105 | D:1      | Reached XP level 2. HP: 16/19 MP: 2/7
   726 | D:1      | Reached XP level 3. HP: 25/25 MP: 7/9
   775 | D:1      | Reached skill level 5 in Spellcasting
   805 | D:1      | Learned a level 2 spell: Poisonous Vapours
  1315 | D:2      | Noticed Terence
  1337 | D:2      | Killed Terence
  1338 | D:2      | Reached skill level 1 in Fighting
  1338 | D:2      | Reached skill level 1 in Short Blades
  1338 | D:2      | Reached skill level 1 in Long Blades
  1338 | D:2      | Reached skill level 1 in Axes
  1338 | D:2      | Reached skill level 1 in Maces & Flails
  1338 | D:2      | Reached skill level 1 in Polearms
  1338 | D:2      | Reached skill level 1 in Staves
  1338 | D:2      | Reached skill level 1 in Slings
  1338 | D:2      | Reached skill level 1 in Bows
  1338 | D:2      | Reached skill level 1 in Crossbows
  1338 | D:2      | Reached skill level 1 in Throwing
  1338 | D:2      | Reached skill level 1 in Armour
  1338 | D:2      | Reached skill level 1 in Shields
  1338 | D:2      | Reached skill level 1 in Unarmed Combat
  1338 | D:2      | Reached skill level 1 in Invocations
  1338 | D:2      | Reached skill level 1 in Evocations
  1338 | D:2      | Reached XP level 4. HP: 21/32 MP: 1/11
  1485 | D:2      | Found Jimumm's Antique Weapon Emporium.
  1931 | D:2      | Found a faded altar of an unknown god.
  2053 | D:2      | Prayed at the altar of an unknown god.
  2053 | D:2      | Became a worshipper of Gozag Ym Sagoz the Greedy
  2910 | D:3      | Reached skill level 1 in Conjurations
  2910 | D:3      | Reached skill level 1 in Hexes
  2910 | D:3      | Reached skill level 1 in Summonings
  2910 | D:3      | Reached skill level 1 in Necromancy
  2910 | D:3      | Reached skill level 1 in Translocations
  2910 | D:3      | Reached skill level 1 in Fire Magic
  2910 | D:3      | Reached skill level 1 in Ice Magic
  2910 | D:3      | Reached skill level 1 in Air Magic
  2910 | D:3      | Reached skill level 1 in Earth Magic
  3560 | D:3      | Reached XP level 5. HP: 30/37 MP: 0/12
  3996 | D:3      | Learned a level 2 spell: Wereblood
  4360 | D:4      | Reached XP level 6. HP: 44/44 MP: 2/13
  5056 | D:4      | Identified the +0 pair of gloves "Vyimux" {-Cast rElec rF+
                  | Dex+8}
  5166 | D:5      | Entered Level 5 of the Dungeon
  5399 | D:5      | Reached skill level 5 in Dodging
  6256 | D:5      | Reached XP level 7. HP: 41/50 MP: 4/15
  6561 | D:5      | Learned a level 4 spell: Olgreb's Toxic Radiance
  7349 | D:6      | Reached skill level 5 in Stealth
  7868 | D:6      | Noticed a steam dragon
  7880 | D:6      | Killed from afar by a steam dragon

Illustrated notes

Levels and vault maps discovered:
D:1:      onia_arrival_pyramid, layout_basic, amcnicky_mini_pool_small
D:2:      layout_loops_corners, serial_forest, infiniplex_forest_corner_2,
          infiniplex_forest_clump_double, infiniplex_forest_lined_room_2,
          infiniplex_forest_lined_room_2, infiniplex_forest_straight_3,
          infiniplex_forest_end_3, infiniplex_forest_lined_1,
          infiniplex_forest_clump_small, infiniplex_forest_pool,
          shapermc_ecumenical_altar_ellora, serial_shops, nicolae_shop_stone,
          uniq_terence
D:3:      layout_basic
D:4:      layout_loops_ring, minivault_24, chequers_mini_garden
D:5:      layout_cave_pods
D:6:      layout_loops_ring

Skill      XL: |  1  2  3  4  5  6  7 |
---------------+----------------------+-----
Transmutations | 2 3 |  3.1
Spellcasting   | 5 |  5.7
Fighting       | 1 2 |  2.7
Short Blades   | 1 2 |  2.7
Long Blades    | 1 2 |  2.7
Axes           | 1 2 |  2.7
Maces & Flails | 1 2 |  2.7
Polearms       | 1 2 |  2.7
Staves         | 1 2 |  2.7
Slings         | 1 2 |  2.7
Bows           | 1 2 |  2.7
Crossbows      | 1 2 |  2.7
Throwing       | 1 2 |  2.7
Armour         | 1 2 |  2.7
Shields        | 1 2 |  2.7
Unarmed Combat | 1 2 |  2.7
Invocations    | 1 2 3 |  3.0
Evocations     | 1 2 |  2.7
Conjurations   | 1 2 |  2.2
Hexes          | 1 2 |  2.2
Summonings     | 1 2 |  2.2
Necromancy     | 1 2 |  2.2
Translocations | 1 2 |  2.2
Fire Magic     | 1 2 |  2.2
Ice Magic      | 1 2 |  2.2
Air Magic      | 1 2 |  2.2
Earth Magic    | 1 2 |  2.2
Dodging        | 5 |  5.3
Stealth        | 5 |  5.0
Poison Magic   | |  5.9

Action                   |  1- 3 |  4- 6 |  7- 9 || total
-------------------------+-------+-------+-------++-------
Melee: Unarmed           |    12 |   163 |       ||   175
       Bite              |       |    23 |     7 ||    30
       Punch             |       |     4 |     1 ||     5
       Spear             |       |    23 |    75 ||    98
 Cast: Sting             |    29 |    23 |     1 ||    53
       Poisonous Vapours |    15 |   114 |    34 ||   163
       Olgreb's Toxic Ra |       |       |     2 ||     2
 Stab: Sleeping          |     1 |     3 |     1 ||     5
       Distracted        |       |     1 |       ||     1
Armor: Robe              |     2 |    51 |     7 ||    60
Dodge: Dodged            |    22 |   190 |    64 ||   276
